 Dungeon Crawl Stone Soup version 0.32-a0-738-g1a05c61809 (webtiles) character file.

Game seed: 5712312565560517666

103 Nvm9 the Trooper (level 4, -1/52 HPs)
             Began as a Demonspawn Fighter on Mar 17, 2024.
             Slain by an orc
             ... wielding a +0 mace
              (6 damage)
             ... on level 3 of the Dungeon.
             The game lasted 00:02:28 (1773 turns).

Nvm9 the Trooper (Demonspawn Fighter)               Turns: 1773, Time: 00:02:28

Health: -1/52      AC: 11    Str: 18    XL:     4   Next: 51%
Magic:  4/4        EV:  6    Int:  8    God:
Gold:   117        SH:  4    Dex: 13    Spells: 3/3 levels left

rFire   . . .        a - +0 war axe
rCold   . . .        c - +0 buckler
rNeg    . . .        t - +0 chain mail
rPois   .            (helmet restricted)
rElec   .            (no cloak)
rCorr   .            (no gloves)
SInv    .            (no boots)
Will    .....        (no amulet) Stlth
                     (no ring)
HPRegen 0.28/turn    (no ring)
MPRegen 0.09/turn

%: no passive effects
@: berserking, studying Staves, very quick
A: antennae 1, slimy green scales 1
a: no special abilities


You were on level 3 of the Dungeon.
You visited 1 branch of the dungeon, and saw 3 of its levels.

You collected 117 gold pieces.

Inventory:

Hand Weapons
 a - a +0 war axe (weapon)
Missiles
 s - 3 javelins (quivered)
Armour
 b - a +0 scale mail
 c - a +0 buckler (worn)
 t - a +0 chain mail (worn)
Jewellery
 i - a ring of willpower
Scrolls
 g - 6 scrolls of identify {unknown}
 h - a scroll of blinking {unknown}
 k - a scroll of noise {unknown}
 l - 2 scrolls of vulnerability {unknown}
 o - a scroll of teleportation {unknown}
 q - a scroll of enchant armour {unknown}
 u - a scroll of amnesia {unknown}
Potions
 d - a potion of might
 e - a potion of enlightenment {unknown}
 f - a potion of attraction {unknown}
 m - 2 potions of curing {unknown}
 n - a potion of invisibility {unknown}
 p - a potion of haste {unknown}
 r - 2 potions of mutation {unknown}


   Skills:
 + Level 3.5 Fighting
 + Level 3.1 Axes
 + Level 3.3 Armour
 + Level 0.7 Dodging
 + Level 2.9 Shields


You had 3 spell levels left.
You didn't know any spells.
Your spell library contained the following spells:

 Spells                   Type           Power      Damage    Failure   Level
 Sandblast                Erth           0%         2d4       99%         1
 Stone Arrow              Conj/Erth      0%         3d7       100%        3
 Brom's Barrelling Bould  Conj/Erth      0%         2d3       100%        4


Dungeon Overview and Level Annotations

Branches:
Dungeon (3/15)

Altars:


Innate Abilities, Weirdness & Mutations

You have a pair of small antennae on your head.
You are partially covered in slimy green scales. (AC +2)


Message History

The magic dart hits you.
You barely miss something.
Something hits you but does no damage. x2
You bump into the rock wall.
Something hits you but does no damage.
You bump into the rock wall.
Something hits you.
* * * LOW HITPOINT WARNING * * *
You bump into the rock wall.
Something hits you but does no damage. Something hits you but does no damage.
You bump into the rock wall.
Something hits you.
* * * LOW HITPOINT WARNING * * *
You bump into the rock wall.
You feel less confused.
Reactivating autopickup.
An orc wizard appears from thin air!
You block the orc wizard's attack.
You hit the orc wizard.
The orc wizard is lightly wounded.
The orc wizard hits you but does no damage.
You barely miss the orc wizard.
The orc wizard is lightly wounded.
The orc wizard hits you but does no damage. x2
You slash the orc wizard!
The orc wizard is almost dead.
The orc wizard casts a spell at you. The magic dart hits you!
* * * LOW HITPOINT WARNING * * *
You miss the orc wizard.
The orc wizard is almost dead.
The orc wizard hits you but does no damage.
You slash the orc wizard!
You kill the orc wizard!
Your Axes skill increases to level 3!
You barely miss the orc. The orc hits you with a +0 mace.
* * * LOW HITPOINT WARNING * * *
The orc hits you but does no damage.
It was a potion of berserk rage.
A red film seems to cover your vision as you go berserk!
You feel yourself moving faster!
You feel mighty! The orc hits you but does no damage.
You barely miss the orc. You block the orc's attack.
You closely miss the orc. The orc hits you with a +0 mace.
You die...

#.# #.# #.#
#.# .<# #.#
### #.# #.#
#.# #.# #.#
#@# ######o#
#oo.{oo#
#h###### #.#
#.# #o#
.r#########o#


go..hoo.o.o.# You could see 3 orcs.

Vanquished Creatures
  Jessica (D:3)
  An orc wizard (D:3)
  A dart slug (D:1)
  2 ribbon worms (D:2)
  5 bats
  4 endoplasms
  2 giant cockroaches (D:2)
  5 goblins
  8 hobgoblins
  A quokka (D:1)
  5 ball pythons
  3 frilled lizards
  6 kobolds
  4 rats
48 creatures vanquished.

Notes
Turn   | Place    | Note
-------+----------+-------------------------------------------
     0 | D:1      | Nvm9 the Demonspawn Fighter began the quest for the Orb.
     0 | D:1      | Reached XP level 1. HP: 18/18 MP: 1/1
   252 | D:1      | Gained mutation: You are partially covered in slimy green
                  | scales. (AC +2) [demonic ancestry]
   252 | D:1      | Reached XP level 2. HP: 24/24 MP: 2/2
   954 | D:2      | Gained mutation: You have a pair of small antennae on your
                  | head. [demonic ancestry]
   954 | D:2      | Reached XP level 3. HP: 29/29 MP: 3/3
  1649 | D:3      | Noticed Jessica
  1661 | D:3      | Killed Jessica
  1662 | D:3      | Reached XP level 4. HP: 35/35 MP: 4/4
  1773 | D:3      | Slain by an orc

Illustrated notes

Levels and vault maps discovered:
D:1:      dpeg_arrival_prison, layout_loops_ring, minmay_misc_feat_pillars,
          minivault_26, hex_medium, minmay_misc_feat_x, grunt_decor_one_mirror,
          corexii_corridor_pit, minivault_23, corexii_hall_statues_u
D:2:      layout_basic, kennysheep_generic_room_10
D:3:      layout_loops_ring, hangedman_abyss_or_decor_stabs, uniq_jessica

Skill      XL: |  1  2  3  4 |
---------------+-------------+-----
Axes           | 2 3 |  3.1
Armour         | 3 |  3.3
Fighting       | |  3.5
Dodging        | |  0.7
Shields        | |  2.9

Action                     |  1- 3 |  4- 6 || total
---------------------------+-------+-------++-------
  Melee: War axe           |   104 |    23 ||   127
    Use: Potion            |       |     1 ||     1
 Armour: Scale mail        |    70 |       ||    70
         Chain mail        |    11 |    32 ||    43
  Dodge: Dodged            |    40 |     5 ||    45
  Block: Buckler           |    23 |     4 ||    27

Table legend: (Time is in decaauts)
 A = Elapsed time spent in this place.
 B = Non-inter-level travel time spent in this place.
 C = Inter-level travel time spent in this place.
 D = Time resting spent in this place.
 E = Time spent auto-exploring this place.
 F = Levels seen in this place.
 G = Mean time per level.
                   A        B        C        D        E       F      G
               +--------+--------+--------+--------+--------+-----+--------+
         Total |   1825 |   1756 |     69 |     48 |   1319 |   3 |  608.3 |
       Dungeon |   1825 |   1756 |     69 |     48 |   1319 |   3 |  608.3 |
               +--------+--------+--------+--------+--------+-----+--------+

Top non-repeatable levels by time:
     D:1: 953 daAuts
     D:2: 737 daAuts
     D:3: 133 daAuts
